 Dungeon Crawl Stone Soup version 0.17-a0-1954-g0dddeaa (webtiles) character file.

24 4thArraOfDagon the Insei (level 3, -2/26 HPs)
             Began as an Octopode Monk on Oct 3, 2015.
             Slain by a quokka (3 damage)
             ... on level 3 of the Dungeon.
             The game lasted 00:01:18 (249 turns).

4thArraOfDagon the Insei (Octopode Monk)             Turns: 249, Time: 00:01:18

Health: -2/26      AC:  1    Str: 10    XL:     3   Next: 2%
Magic:  3/3        EV: 13    Int: 13    God:
Gold:   0          SH:  0    Dex: 14    Spells: 0 memorised, 2 levels left

rFire  . . .     SeeInvis .       - Unarmed
rCold  . . .     Clarity  .     (no shield)
rNeg   . . .     SustAt   .     (helmet restricted)
rPois  .         Gourm    .     (no amulet)
rElec  .         Spirit   .     (no ring)
rCorr  .         Warding  .     (no ring)
rMut   .         Stasis   .     (no ring)
MR     .....                    (no ring)
Stlth  +++.......               (no ring)
                                (no ring)
                                (no ring)
                                (no ring)

@: not resistant to hostile enchantments, fairly stealthy
A: almost no armour, amphibious, 8 rings, constrict 8, camouflage 1, gelatinous
body 1
a: no special abilities


You were on level 3 of the Dungeon.
You were not hungry.

You visited 1 branch of the dungeon, and saw 4 of its levels.

Inventory:

Scrolls
 b - a scroll of immolation {unknown}
 e - a scroll of fog {unknown}
Potions
 c - a potion of beneficial mutation {unknown}
 d - 2 potions of lignification {unknown}
Comestibles
 a - 2 bread rations
 f - 2 slices of pizza


   Skills:
 + Level 3.2 Fighting
 + Level 3.3 Dodging
 + Level 3.0 Stealth
 * Level 4.3 Unarmed Combat


You had 2 spell levels left.
You didn't know any spells.

Dungeon Overview and Level Annotations

Branches:
Dungeon (4/15)
 Temple: D:4-7

Altars:
Dithmenos
Fedhas
Kikubaaqudgha
Ru
Trog
The Shining One

Annotations:
D:3 4thArraOfDagon's ghost, weakling HOBe


Innate Abilities, Weirdness & Mutations

You cannot wear most types of armour.
You are amphibious.
You can wear up to eight rings at the same time.
You can use your tentacles to constrict eight enemies at once.
Your skin changes colour to match your surroundings (Stealth).
Your rubbery body absorbs attacks (AC +1).


Message History

You tentacle-slap the rat.
You kill the rat!
You have reached level 3!
Your experience leads to an increase in your attributes!
Increase (S)trength, (I)ntelligence, or (D)exterity?
You feel clever. The rat barely misses you.
You see here a tomahawk.
You tentacle-slap the rat.
You kill the rat!
A quokka comes into view.
The quokka bites you.
* * * LOW HITPOINT WARNING * * *
You miss the quokka. Your grab misses the quokka. The quokka bites you.
* * * LOW HITPOINT WARNING * * *
You tentacle-slap the quokka but do no damage.
Your grab misses the quokka. The quokka closely misses you.
You closely miss the quokka. You grab the quokka.
Your squeeze misses the quokka. You constrict the quokka. The quokka bites you.
You die...

######### #.#
#.#.#
#.......#####.#
#..#
#........(.[.##
##..
#.......####.(##
##<.# #.......#
###(###.#..
#.......#
##(#.####
#.......# ##)##
# #.......# ###
# ##...@.## #
#.###r# #. #...
#. .#.# #. .#.#
## #


You could see a quokka.

Vanquished Creatures
  An adder (D:3)
  A giant gecko (D:3)
  An orc (D:3)
  A ball python (D:3)
  2 giant cockroaches
  A goblin (D:3)
  2 kobolds
  A quokka (D:3)
  A bat (D:2)
  2 rats (D:3)
13 creatures vanquished.

Notes
Turn   | Place    | Note
--------------------------------------------------------------
     0 | D:1      | 4thArraOfDagon the Octopode Monk began the quest for the Orb.
     0 | D:1      | Reached XP level 1. HP: 16/16 MP: 1/1
    78 | D:2      | Found a sacrificial altar of Ru.
    80 | D:2      | Found a shadowy altar of Dithmenos.
    81 | D:2      | Found an ancient bone altar of Kikubaaqudgha.
    81 | D:2      | Found a bloodstained altar of Trog.
    81 | D:2      | Found a glowing golden altar of the Shining One.
    85 | D:2      | Found a blossoming altar of Fedhas.
   106 | D:3      | Reached XP level 2. HP: 21/21 MP: 2/2
   130 | D:3      | Noticed 4thArraOfDagon's ghost (weakling HOBe)
   236 | D:3      | Reached XP level 3. HP: 4/26 MP: 3/3
   247 | D:3      | HP: 1/26 [quokka (2)]
   249 | D:3      | Slain by a quokka

Vault maps used:
D:1:      lightli_arrival_statue_moat
D:2:      minitemple
D:3:      uniq_iyjb
D:4:      serial_glass, glass_columns_b, glass_columns_b, glass_columns_a,
          glass_columns_b, serial_park_tiny_pond, uniq_duvessa

Action                   || total
-------------------------++-------
Melee: Unarmed           ||    22
 Stab: Sleeping          ||     3
